 Dungeon Sprint DCSS version 0.15-a0-1766-g0ee8742 (webtiles) character file.

499 BluebellGnoll the Tainter (level 7, -3/74 HPs)
             Began as an Ogre Venom Mage on June 28, 2014.
             Was a Believer of Okawaru.
             Slain by a basilisk (5 damage)
             ... in the Dungeon (Sprint IX: "|||||||||||||||||||||||||||||").
             The game lasted 00:10:08 (981 turns).

BluebellGnoll the Tainter (Ogre Venom Mage)          Turns: 981, Time: 00:10:08

HP  -3/74        AC  3     Str 17      XL: 7   Next: 16%
MP  17/17        EV  1     Int 16      God: Okawaru [**....]
Gold 0           SH  0     Dex 10      Spells:  4 memorised,  4 levels left

rFire  . . .     SeeInvis .     p - +0 giant spiked club
rCold  . . .     Clarity  .     a - +0 robe
rNeg   + + +     rCorr    .     (shield restricted)
rPois  +         rRot     +     (helmet restricted)
rElec  .         Spirit   .     (no cloak)
SustAb .         Warding  .     (gloves unavailable)
rMut   .         NoTele   +     (boots unavailable)
Gourm  .                        (no amulet)
MR     .....                    u - +3 ring of strength
                                v - cursed +2 ring of evasion

@: petrified, not resistant to hostile enchantments, very unstealthy
A: unfitting armour, tough skin 1
a: Heroism, Renounce Religion


You were in the Dungeon.
You worshipped Okawaru.
Okawaru was pleased with you.
You were hungry.

You visited 1 branch

Inventory:

Hand weapons
 p - a +0 giant spiked club (weapon)
 r - a +2 antimagic morningstar
Missiles
 o - 3 tomahawks (quivered)
Armour
 a - a +0 robe (worn)
Magical devices
 m - a wand of draining (3)
Comestibles
 c - a meat ration
Scrolls
 i - 2 scrolls of blinking
 k - 3 scrolls of remove curse
 l - 2 scrolls of amnesia
Jewellery
 u - a +3 ring of strength (right hand)
 v - a cursed +2 ring of evasion (left hand)
Potions
 d - 5 potions of curing
 e - 3 potions of heal wounds
 f - a potion of invisibility
 g - 4 potions of magic
 h - a potion of berserk rage
Books
 b - a Young Poisoner's Handbook

   Spells                             Type                      Level
   *Sting                             Conjuration/Poison           1
   *Cure Poison                       Poison                       2
   *Mephitic Cloud                    Conjuration/Poison/Air       3
   *Olgreb's Toxic Radiance           Poison                       4
   Venom Bolt                         Conjuration/Poison           5
Magical staves
 n - an uncursed staff of energy


   Skills:
 - Level 5.9 Fighting
 - Level 8.3 Maces & Flails
 - Level 5.2 Dodging
 - Level 1.5 Stealth
 - Level 4.2 Spellcasting
 + Level 9.0 Poison Magic


You had 4 spell levels left.
You knew the following spells:

 Your Spells              Type           Power        Failure   Level  Hunger
a - Sting                 Conj/Pois      ###.         2%          1    None
b - Cure Poison           Pois           ####......   1%          2    ##.....
c - Mephitic Cloud        Conj/Pois/Air  ##......     14%         3    ###....
d - Olgreb's Toxic Radia  Pois           ####....     4%          4    ####...


Dungeon Overview and Level Annotations

Branches:
Dungeon (1/1)

Altars:
Cheibriados
Dithmenos
Elyvilon
Fedhas
Gozag
Kikubaaqudgha
Makhleb
Nemelex Xobeh
Okawaru
Qazlal
Sif Muna
Trog
Vehumet
Xom
Yredelemnul
Zin
The Shining One
Beogh
Jiyva
Lugonu


Innate Abilities, Weirdness & Mutations

You are too large for most types of armour.
You have tough skin (AC +1).


Message History

The basilisk bites you.
The basilisk bites you but does no damage.
The basilisk bites you!
* * * LOW HITPOINT WARNING * * *
The basilisk bites you but does no damage.
The basilisk bites you.
* * * LOW HITPOINT WARNING * * *
The basilisk bites you!
* * * LOW HITPOINT WARNING * * *
You turn to flesh and can move again.
The basilisk gazes at you.
You are slowing down.
You see here a short sword.
Your limbs are stiffening.
The basilisk gazes at you. You resist.
You have turned to stone.
The basilisk gazes at you. You resist. The basilisk bites you!
You die... ▓▓▓▓▓▓▓▓▓▓▓▓▓▓▓▓▓▓▓▓▓▓▓▓▓▓▓▓▓▓ __________'...Jl@.....'...%.<▓ ▓▓▓▓▓▓▓▓▓▓▓▓▓▓▓▓▓▓▓▓▓▓▓▓▓▓▓▓▓▓

You could see a slime creature and a basilisk.

Vanquished Creatures
  A troll (D)
  A basilisk (D)
  An ogre (D)
  A crimson imp (D)
  A mummy (D)
  An adder (D)
  2 orcs (D)
  2 bats (D)
  A hobgoblin (D)
  A ball python (D)
  A goblin zombie (D)
  A hobgoblin skeleton (D)
  A hobgoblin zombie (D)
  2 kobolds (D)
  2 rats (D)
  A rat zombie (D)
20 creatures vanquished.

Notes
Turn   | Place    | Note
--------------------------------------------------------------
     0 | D        | BluebellGnoll, the Ogre Venom Mage, began the quest for the Orb.
     0 | D        | Reached XP level 1. HP: 16/16 MP: 3/3
    12 | D        | Reached skill level 3 in Spellcasting
    24 | D        | Reached skill level 4 in Spellcasting
   169 | D        | Noticed a crimson imp
   176 | D        | Reached skill level 1 in Maces & Flails
   180 | D        | Reached XP level 2. HP: 24/24 MP: 4/7
   209 | D        | Found a glowing silver altar of Zin.
   209 | D        | Found a glowing golden altar of the Shining One.
   209 | D        | Found an ancient bone altar of Kikubaaqudgha.
   209 | D        | Found a basalt altar of Yredelemnul.
   209 | D        | Found a shimmering altar of Xom.
   209 | D        | Found a radiant altar of Vehumet.
   209 | D        | Found an iron altar of Okawaru.
   210 | D        | Found a burning altar of Makhleb.
   211 | D        | Found a deep blue altar of Sif Muna.
   212 | D        | Found a bloodstained altar of Trog.
   213 | D        | Found a sparkling altar of Nemelex Xobeh.
   214 | D        | Found a white marble altar of Elyvilon.
   215 | D        | Found a roughly hewn altar of Beogh.
   216 | D        | Found a viscous altar of Jiyva.
   217 | D        | Found a corrupted altar of Lugonu.
   218 | D        | Became a worshipper of Warmaster Okawaru
   219 | D        | Found a blossoming altar of Fedhas.
   220 | D        | Found a snail-covered altar of Cheibriados.
   221 | D        | Found a shadowy altar of Dithmenos.
   222 | D        | Found a stormy altar of Qazlal.
   223 | D        | Found an opulent altar of Gozag.
   243 | D        | Got the +2 scimitar of Detwoebo {slice, Dex+1}
   257 | D        | Killed a crimson imp
   257 | D        | Reached skill level 8 in Maces & Flails
   257 | D        | Reached XP level 3. HP: 18/31 MP: 9/9
   346 | D        | Learned a level 2 spell: Cure Poison
   350 | D        | Learned a level 3 spell: Mephitic Cloud
   421 | D        | Noticed an ogre
   421 | D        | Noticed a troll
   461 | D        | Killed an ogre
   461 | D        | Reached skill level 5 in Poison Magic
   461 | D        | Reached XP level 4. HP: 20/39 MP: 7/11
   463 | D        | Killed a troll
   463 | D        | Acquired Okawaru's first power
   463 | D        | Reached XP level 5. HP: 23/45 MP: 9/13
   463 | D        | Reached XP level 6. HP: 27/53 MP: 10/15
   618 | D        | Learned a level 4 spell: Olgreb's Toxic Radiance
   618 | D        | Noticed a slime creature
   618 | D        | Noticed a basilisk
   618 | D        | Noticed a basilisk
   634 | D        | Killed a basilisk
   634 | D        | Reached skill level 5 in Fighting
   634 | D        | Reached skill level 5 in Dodging
   634 | D        | Reached XP level 7. HP: 7/74 MP: 6/17
   934 | D        | Reached skill level 9 in Poison Magic
   973 | D        | HP: 1/74 [basilisk (6)]
   981 | D        | Slain by a basilisk

Action                   |  1- 3 |  4- 6 |  7- 9 || total
-------------------------+-------+-------+-------++-------
Melee: Unarmed           |    15 |       |       ||    15
       Club              |    42 |     8 |       ||    50
       Scimitar          |     3 |       |       ||     3
       Giant spiked club |       |     7 |     5 ||    12
Throw: Tomahawk          |       |       |     2 ||     2
 Cast: Sting             |    10 |     2 |     3 ||    15
       Mephitic Cloud    |       |     1 |       ||     1
       Olgreb's Toxic Ra |       |     1 |       ||     1
       Cure Poison       |       |     1 |       ||     1
Evoke: Wand              |     1 |     3 |       ||     4
  Use: Potion            |     1 |       |       ||     1
 Stab: Confused          |       |     3 |       ||     3
